[Event "Titled Tuesday Blitz February 21 Early 2023"]
[White "Bacrot, Etienne"]
[Black "Martin Duque, Jesus"]
[WhiteFideId "605506"]
[BlackFideId "2208954"]
[WhiteElo "2667"]
[BlackElo "2386"]
[Result "1-0"]
[Round "04"]
[TimeControl "180+2"]
[Date "2023.02.21"]
[WhiteClock "0:00:14"]
[BlackClock "0:00:05"]

1. e4 c5 2. Nf3 e6 3. d4 cxd4 4. Nxd4 Nc6 5. Nb5 d6 6. c4 Nf6 7. N1c3 a6 8. Na3 b6 9. Be2 Bb7 10. Be3 Be7 11. O-O O-O 12. f3 Rc8 13. Qb3 Ne5 14. Bxb6 Qd7 15. Bd4 Ng6 16. Rfd1 d5 17. cxd5 exd5 18. e5 Nh5 19. g3 Nxg3 20. hxg3 Qh3 21. Bf2 Bc5 22. Bxc5 Qxg3+ 23. Kf1 d4 24. Qxb7 dxc3 25. Bf2 Qh3+ 26. Ke1 cxb2 27. Qxb2 Qh1+ 28. Bf1 Nxe5 29. Qxe5 Rfe8 30. Nc4 Qxf3 31. Rac1 f6 32. Qe3 Rxe3+ 33. Nxe3 Re8 34. Rc3 h5 35. Be2 Qh1+ 36. Nf1 h4 37. Rdd3 Qb7 38. Re3 Qb1+ 39. Bd1 Rd8 40. Nd2 Qxa2 41. Bb3+ Qxb3 42. Rxb3 h3 43. Rxh3 1-0


[Site "https://www.chess.com"]

[Event "Titled Tuesday Blitz February 21 Early 2023"]
[White "Kravtsiv, Martyn"]
[Black "Bilan, Danila"]
[WhiteFideId "14113147"]
[BlackFideId "24161918"]
[WhiteElo "2598"]
[BlackElo "2303"]
[Result "1-0"]
[Round "04"]
[TimeControl "180+2"]
[Date "2023.02.21"]
[WhiteClock "0:02:20"]
[BlackClock "0:00:42"]

1. e4 c6 2. Nf3 d5 3. d3 Bg4 4. h3 Bxf3 5. Qxf3 e6 6. g3 Nd7 7. Bg2 Ngf6 8. O-O Bc5 9. Nc3 O-O 10. Kh2 dxe4 11. dxe4 e5 12. Nd1 Re8 13. Ne3 Nf8 14. Nf5 Ne6 15. c3 Qc7 16. Nxg7 Kxg7 17. Bh6+ Kg6 18. Qf5+ Kxh6 19. Qxf6+ Kh5 20. g4# 1-0


[Site "https://www.chess.com"]

[Event "Titled Tuesday Blitz February 21 Early 2023"]
[White "Martynov, Pavel"]
[Black "Rakhmanov, Aleksandr"]
[WhiteFideId "4101260"]
[BlackFideId "4173708"]
[WhiteElo "2414"]
[BlackElo "2632"]
[Result "0-1"]
[Round "04"]
[TimeControl "180+2"]
[Date "2023.02.21"]
[WhiteClock "0:00:01"]
[BlackClock "0:00:23"]

1. e4 c5 2. Nf3 Nf6 3. Nc3 d5 4. exd5 Nxd5 5. Bb5+ Bd7 6. Qe2 Nb4 7. Bxd7+ Qxd7 8. d3 N8c6 9. O-O Nd4 10. Nxd4 cxd4 11. Ne4 e6 12. c3 dxc3 13. bxc3 Qxd3 14. Qg4 h5 15. Qf4 Nd5 16. Nd6+ Bxd6 17. Qxd6 Rd8 18. Qc5 Qxc3 19. Qxa7 O-O 20. Bg5 f6 21. Rfc1 Qd3 22. Bh4 Rd7 23. Bg3 Kh7 24. Rd1 Qg6 25. h4 Rff7 26. Qb8 Nc3 27. Re1 e5 28. a4 Qd3 29. a5 Ne2+ 30. Kh2 Nxg3 31. fxg3 Rd8 32. Qa7 Rfd7 33. Rad1 Qa6 34. Rxd7 Rxd7 35. Qc5 Rd2 36. Rg1 Qd3 37. Qb4 Qd5 0-1


[Site "https://www.chess.com"]

[Event "Titled Tuesday Blitz February 21 Early 2023"]
[White "Rustemov, Alexander"]
[Black "Toncheva, Nadya"]
[WhiteFideId "4119002"]
[BlackFideId "2924056"]
[WhiteElo "2525"]
[BlackElo "2295"]
[Result "1-0"]
[Round "04"]
[TimeControl "180+2"]
[Date "2023.02.21"]
[WhiteClock "0:02:28"]
[BlackClock "0:01:14"]

1. d4 d5 2. c4 c6 3. Nc3 Nf6 4. e3 e6 5. Nf3 Nbd7 6. Qc2 Be7 7. Bd3 dxc4 8. Bxc4 b5 9. Bd3 O-O 10. e4 a6 11. e5 Nd5 12. Nxd5 cxd5 13. Bxh7+ Kh8 14. Bd3 Nb6 15. b3 Bd7 16. h4 a5 17. Ng5 a4 18. Qe2 g6 19. h5 Bxg5 20. hxg6+ Kg7 21. Rh7+ Kg8 22. Qh5 1-0


[Site "https://www.chess.com"]

[Event "Titled Tuesday Blitz February 21 Early 2023"]
[White "Pinheiro, Iung Alicio de O."]
[Black "Samsonkin, Artiom"]
[WhiteFideId "2104350"]
[BlackFideId "13503111"]
[WhiteElo "2306"]
[BlackElo "2420"]
[Result "0-1"]
[Round "04"]
[TimeControl "180+2"]
[Date "2023.02.21"]
[WhiteClock "0:00:03"]
[BlackClock "0:00:10"]

1. e4 e6 2. d4 d5 3. e5 c5 4. c3 Nc6 5. Nf3 Qb6 6. Bd3 Bd7 7. O-O Nh6 8. Re1 Nf5 9. Bxf5 exf5 10. dxc5 Bxc5 11. Re2 a5 12. Nbd2 a4 13. b4 Be7 14. Nf1 Be6 15. a3 h6 16. h4 O-O 17. h5 Rfd8 18. Be3 Qc7 19. Rc1 b5 20. Qd2 Rac8 21. Ree1 Nxe5 22. Nxe5 Qxe5 23. Bb6 Qd6 24. Bxd8 Rxd8 25. Ne3 f4 26. Nc2 f3 27. Nd4 Bg5 28. Qd3 Bxc1 29. Rxc1 fxg2 30. Nxb5 Qf4 31. Qe3 Qh4 32. Kxg2 Qxh5 33. Nd4 Re8 34. Rh1 Qg6+ 35. Qg3 Qe4+ 36. f3 Qd3 37. Qf2 Qxc3 38. b5 Qxa3 39. Rb1 Qd3 40. Ra1 Bc8 41. Rxa4 Qg6+ 42. Qg3 Qd3 43. Qf2 h5 44. Ra7 Re5 45. Rc7 Rg5+ 46. Kh2 Be6 47. Nxe6 fxe6 48. Rc8+ Kh7 49. Qc2 Qxc2+ 50. Rxc2 d4 51. Rb2 Rc5 52. b6 Rc8 53. b7 Rb8 54. Kg2 Kg6 55. Kf2 Kf5 56. Ke2 e5 57. Kd3 g5 58. Rb5 Kf4 59. Rb6 Kxf3 60. Rf6+ Kg4 61. Rf7 h4 62. Ke4 h3 63. Kxe5 d3 64. Rd7 h2 65. Rd4+ Kh5 66. Rd7 Rh8 67. Rh7+ Rxh7 68. b8=Q h1=Q 69. Qe8+ Kh4 70. Qa4+ g4 71. Qf4 Qe1+ 72. Kd4 Qb4+ 73. Ke5 Qxf4+ 74. Kxf4 d2 0-1


[Site "https://www.chess.com"]

[Event "Titled Tuesday Blitz February 21 Early 2023"]
[White "Galchenko, Matvey"]
[Black "Ingebretsen, Jens E"]
[WhiteFideId "24175480"]
[BlackFideId "1522965"]
[WhiteElo "2438"]
[BlackElo "2342"]
[Result "1-0"]
[Round "04"]
[TimeControl "180+2"]
[Date "2023.02.21"]
[WhiteClock "0:00:18"]
[BlackClock "0:00:08"]

1. f4 d6 2. Nf3 Bg4 3. e4 e5 4. fxe5 dxe5 5. Bc4 Bh5 6. c3 Nf6 7. Qb3 Nbd7 8. Qxb7 Rb8 9. Qc6 Rb6 10. Qa4 Bxf3 11. gxf3 Bc5 12. b4 Be7 13. d3 O-O 14. Be3 c5 15. a3 Rb8 16. Nd2 Nb6 17. Qc2 Nh5 18. bxc5 Nd7 19. d4 Bg5 20. Bf2 Nf4 21. h4 Be7 22. Kf1 Qc7 23. Be3 Nh5 24. Rh3 Kh8 25. Kf2 f5 26. exf5 Qd8 27. Rg1 Bxh4+ 28. Ke2 Nf4+ 29. Bxf4 exf4 30. Rgh1 Qe7+ 31. Be6 g5 32. fxg6 Qxe6+ 33. Kd1 Bf6 34. g7+ Kg8 35. Qxh7+ Kf7 36. g8=Q+ Ke8 37. Qxe6+ 1-0


[Site "https://www.chess.com"]

[Event "Titled Tuesday Blitz February 21 Early 2023"]
[White "Hristodoulou, Panagiotis"]
[Black "Pichot, Alan"]
[WhiteFideId "4214340"]
[BlackFideId "110973"]
[WhiteElo "2372"]
[BlackElo "2638"]
[Result "0-1"]
[Round "04"]
[TimeControl "180+2"]
[Date "2023.02.21"]
[WhiteClock "0:00:28"]
[BlackClock "0:01:02"]

1. e4 g6 2. d4 Bg7 3. Nc3 d6 4. Be3 a6 5. Qd2 b5 6. h4 h6 7. f4 Bb7 8. Bd3 Nf6 9. e5 Ng4 10. O-O-O h5 11. Nf3 e6 12. Ng5 Bh6 13. exd6 cxd6 14. d5 exd5 15. Bd4 O-O 16. Be2 Qd7 17. Rhf1 f6 18. Nh3 b4 19. Nb1 Nc6 20. Bf3 Qf7 21. Bc5 Nce5 22. Bxd6 Nc4 23. Qxb4 a5 24. Qc5 Rfc8 25. Bxd5 Bxd5 26. Qxd5 Qxd5 27. Rxd5 Nge3 28. Rfd1 Nxd5 29. Rxd5 Rd8 0-1


[Site "https://www.chess.com"]

[Event "Titled Tuesday Blitz February 21 Early 2023"]
[White "Urazayev, Arystanbek"]
[Black "Urbina Perez, Juan Antonio"]
[WhiteFideId "13709810"]
[BlackFideId "2217368"]
[WhiteElo "2460"]
[BlackElo "2266"]
[Result "1-0"]
[Round "04"]
[TimeControl "180+2"]
[Date "2023.02.21"]
[WhiteClock "0:00:43"]
[BlackClock "0:01:09"]

1. d4 d5 2. c4 e6 3. Nf3 Nf6 4. Nc3 Nbd7 5. cxd5 exd5 6. Bg5 Bb4 7. Qc2 c5 8. e3 O-O 9. Be2 Qa5 10. O-O Bxc3 11. bxc3 c4 12. Nd2 Re8 13. Bf3 Ne4 14. Bxe4 dxe4 15. Bf4 Qd5 16. a4 b6 17. Rfb1 Ba6 18. Rb4 Rac8 19. h3 h6 20. a5 b5 21. Rab1 Nf8 22. Bg3 Ne6 23. Qxe4 Nc7 24. Qg4 f5 25. Qe2 Qc6 26. Bxc7 Rxc7 27. Qf3 Qg6 28. Rxb5 Bxb5 29. Rxb5 Rf8 30. Qd5+ Kh8 31. Nxc4 Rfc8 32. Ne5 Qh5 33. c4 Qd1+ 34. Kh2 Qf1 35. Qf3 Rf8 36. Ng6+ 1-0


[Site "https://www.chess.com"]

[Event "Titled Tuesday Blitz February 21 Early 2023"]
[White "Ozen, Bahadir"]
[Black "Ilkhomi, Jaloliddin"]
[WhiteFideId "6337058"]
[BlackFideId "14700948"]
[WhiteElo "2369"]
[BlackElo "1997"]
[Result "0-1"]
[Round "04"]
[TimeControl "180+2"]
[Date "2023.02.21"]
[WhiteClock "0:00:55"]
[BlackClock "0:00:13"]

1. Nf3 Nf6 2. e3 d5 3. c4 c6 4. Nc3 Bf5 5. cxd5 cxd5 6. Qb3 Bc8 7. Bb5+ Nc6 8. Ne5 Bd7 9. Nxd7 Qxd7 10. d4 e6 11. Bd2 Bd6 12. Rc1 O-O 13. O-O Rfc8 14. Na4 Qe7 15. Bxc6 bxc6 16. f3 e5 17. Qc2 Qc7 18. h3 exd4 19. exd4 Nh5 20. Be1 Re8 21. Qf5 g6 22. Qg4 f5 23. Qh4 Bh2+ 24. Kh1 Bg3 25. Qg5 Bf4 26. Qh4 Bxc1 27. g4 Ng7 28. Nc3 Bf4 29. Rg1 Qe7 30. Qf2 Qe3 31. gxf5 Qxf2 32. Bxf2 Nxf5 0-1


[Site "https://www.chess.com"]

[Event "Titled Tuesday Blitz February 21 Early 2023"]
[White "Pakleza, Zbigniew"]
[Black "Padmini, Rout"]
[WhiteFideId "1119290"]
[BlackFideId "5029295"]
[WhiteElo "2494"]
[BlackElo "2375"]
[Result "0-1"]
[Round "04"]
[TimeControl "180+2"]
[Date "2023.02.21"]
[WhiteClock "0:00:26"]
[BlackClock "0:00:14"]

1. d4 Nf6 2. Nf3 e6 3. Bf4 d5 4. e3 Bd6 5. Bg3 O-O 6. Nbd2 c5 7. c3 Qc7 8. Be2 Nbd7 9. c4 cxd4 10. Nxd4 a6 11. Rc1 Qb6 12. Bxd6 Qxd6 13. O-O e5 14. Nf5 Qe6 15. Ng3 b5 16. cxd5 Nxd5 17. Bg4 Qb6 18. Nf3 N7f6 19. Bxc8 Raxc8 20. Nxe5 Nxe3 21. Qb3 Ned5 22. Rcd1 Qe6 23. Rfe1 Rfe8 24. h3 Nf4 25. Qf3 Ng6 0-1


[Site "https://www.chess.com"]

[Event "Titled Tuesday Blitz February 21 Early 2023"]
[White "Ahmadzada, Ahmad"]
[Black "Shapiro, Viktor"]
[WhiteFideId "13413007"]
[BlackFideId "4175700"]
[WhiteElo "2488"]
[BlackElo "2192"]
[Result "1-0"]
[Round "04"]
[TimeControl "180+2"]
[Date "2023.02.21"]
[WhiteClock "0:00:45"]
[BlackClock "0:01:11"]

1. Nf3 Nf6 2. g3 c5 3. Bg2 Nc6 4. O-O g6 5. b3 Bg7 6. Bb2 O-O 7. c4 d6 8. d4 cxd4 9. Nxd4 Bd7 10. Nc3 a6 11. Nxc6 Bxc6 12. Bxc6 bxc6 13. e4 Nd7 14. Qe2 Nc5 15. Rad1 Qb6 16. Qc2 a5 17. Ba3 Rfd8 18. Bxc5 dxc5 19. Na4 Qa7 20. f4 Bd4+ 21. Kg2 e5 22. f5 Qe7 23. Rd3 Ra7 24. Qe2 Qg5 25. h4 Qe7 26. f6 Qf8 27. g4 Rad7 28. g5 h5 29. Rfd1 Qd6 30. Qf3 Qe6 31. Qg3 Rd6 32. Kf1 Kf8 33. Ke2 Ke8 34. Qf3 Kd7 35. Rxd4 cxd4 36. Nc5+ Kc7 37. Nxe6+ Rxe6 38. c5 Rb8 39. Qd3 Rb5 40. Qc4 Kb7 41. Qxe6 1-0


[Site "https://www.chess.com"]

[Event "Titled Tuesday Blitz February 21 Early 2023"]
[White "Fernandez Guillen, Ernesto J."]
[Black "Baghdasaryan, Vahe"]
[WhiteFideId "3512428"]
[BlackFideId "13303139"]
[WhiteElo "2477"]
[BlackElo "2257"]
[Result "1-0"]
[Round "04"]
[TimeControl "180+2"]
[Date "2023.02.21"]
[WhiteClock "0:00:19"]
[BlackClock "0:00:08"]

1. e4 c5 2. Nf3 e6 3. d4 cxd4 4. Nxd4 Nf6 5. Nc3 Nc6 6. Nxc6 bxc6 7. Bd3 d5 8. O-O Bd6 9. Qe2 Qc7 10. f4 Bc5+ 11. Kh1 h5 12. e5 Ng4 13. Na4 Bb6 14. Nxb6 Qxb6 15. h3 a5 16. a4 Ba6 17. Bxa6 Rxa6 18. b3 Ra7 19. Ba3 Nh6 20. Qxh5 c5 21. f5 exf5 22. e6 O-O 23. exf7+ Raxf7 24. Rae1 f4 25. Qxd5 Rd8 26. Qc4 Rd4 27. Qxc5 Qd8 28. Qb5 Qh4 29. Re8+ Kh7 30. Bb2 Nf5 31. Bxd4 Ng3+ 32. Kg1 Nxf1 33. Qd3+ 1-0


[Site "https://www.chess.com"]

[Event "Titled Tuesday Blitz February 21 Early 2023"]
[White "Fier, Alexandr"]
[Black "Petrovic, Aleksa"]
[WhiteFideId "2107139"]
[BlackFideId "967629"]
[WhiteElo "2589"]
[BlackElo "2332"]
[Result "1-0"]
[Round "04"]
[TimeControl "180+2"]
[Date "2023.02.21"]
[WhiteClock "0:01:29"]
[BlackClock "0:00:01"]

1. d4 Nf6 2. Nc3 e6 3. e4 d5 4. e5 Nfd7 5. Nce2 c5 6. c3 Nc6 7. Nf3 Qb6 8. a3 c4 9. h4 Na5 10. h5 h6 11. g4 Nb8 12. Bh3 Bd7 13. Ng3 Nb3 14. Rb1 Ba4 15. Be3 Qa5 16. Qe2 Nc6 17. g5 hxg5 18. Nxg5 Nbxd4 19. Bxd4 Nxd4 20. Qg4 Nc2+ 21. Kf1 d4 22. Nxf7 Qb6 23. Nxh8 dxc3 24. Qxe6+ Qxe6 25. Bxe6 Nxa3 26. bxa3 Bxa3 27. Bf7+ Kd7 28. e6+ Kc7 29. e7 Rxh8 30. Ra1 c2 31. Kg2 Bc6+ 32. f3 Bxe7 33. Rhc1 Rf8 34. Bxc4 Rxf3 35. Bb5 Bd5 36. Kh3 Rc3 37. Kg4 Be6+ 38. Nf5 Ba3 39. Rxa3 Rxa3 40. Rxc2+ Kb6 41. Be8 Ra4+ 42. Kg5 Ra5 43. Bg6 Re5 44. Kf4 Rb5 45. Nxg7 Bb3 46. Rb2 a5 47. h6 Rb4+ 48. Kg5 a4 49. h7 a3 50. Rb1 a2 51. Ra1 Bg8 52. hxg8=Q 1-0


[Site "https://www.chess.com"]

[Event "Titled Tuesday Blitz February 21 Early 2023"]
[White "Halkias, Stelios"]
[Black "Arenas, David"]
[WhiteFideId "4201809"]
[BlackFideId "4403177"]
[WhiteElo "2511"]
[BlackElo "2426"]
[Result "1-0"]
[Round "04"]
[TimeControl "180+2"]
[Date "2023.02.21"]
[WhiteClock "0:00:24"]
[BlackClock "0:00:18"]

1. c4 e6 2. Nf3 Nf6 3. e3 d5 4. Nc3 b6 5. b3 Bb7 6. Bb2 Be7 7. cxd5 exd5 8. d4 O-O 9. Bd3 c5 10. O-O Nbd7 11. Ne5 Rc8 12. Bf5 cxd4 13. exd4 g6 14. Bh3 Bb4 15. Rc1 Ba6 16. Re1 Rc7 17. a3 Bxc3 18. Rxc3 Rxc3 19. Bxc3 Nxe5 20. dxe5 Ne4 21. Bd4 Ng5 22. Bg4 Ne6 23. h3 Qe7 24. Bc3 Rc8 25. Bb4 Qd7 26. Bd6 Qb5 27. a4 Qd3 28. Bxe6 Qxd1 29. Bxf7+ Kxf7 30. Rxd1 Ke6 31. b4 Be2 32. Rd2 Rc1+ 33. Kh2 Bc4 34. f4 h5 35. g4 hxg4 36. hxg4 Re1 37. Kg3 a6 38. Kh4 Re3 39. Kg5 Bd3 40. a5 bxa5 41. bxa5 d4 42. Rb2 Kd5 43. Rb6 Re4 44. Bb8 Bb5 45. Rd6+ Kc4 46. e6 d3 47. f5 d2 48. Rxd2 1-0


[Site "https://www.chess.com"]

[Event "Titled Tuesday Blitz February 21 Early 2023"]
[White "Zahid, Sanatan"]
[Black "Ehlvest, Jaan"]
[WhiteFideId "10201963"]
[BlackFideId "4500016"]
[WhiteElo "1930"]
[BlackElo "2530"]
[Result "1-0"]
[Round "04"]
[TimeControl "180+2"]
[Date "2023.02.21"]
[WhiteClock "0:00:02"]
[BlackClock "0:00:01"]

1. d4 Nf6 2. Nc3 d6 3. e4 g6 4. f3 c6 5. Be3 Nbd7 6. Qd2 b5 7. h4 h6 8. O-O-O Bb7 9. Nge2 Qc7 10. Kb1 Nb6 11. Nc1 b4 12. N3e2 Nc4 13. Qd3 Nxe3 14. Qxe3 Bg7 15. Nf4 Nd7 16. Bc4 Nb6 17. Bb3 a5 18. a4 bxa3 19. bxa3 a4 20. Ba2 Rb8 21. Ka1 c5 22. c3 cxd4 23. cxd4 e5 24. Nfe2 exd4 25. Nxd4 O-O 26. Ne2 d5 27. Rc1 Qe7 28. h5 g5 29. Rc3 dxe4 30. Nf5 Qf6 31. Nxg7 Qxg7 32. Qxb6 exf3 33. Nd4 fxg2 34. Rg1 Be4 35. Qc5 Rbc8 36. Qb4 Rfd8 37. Rxc8 Rxc8 38. Qd6 Rc2 39. Bxf7+ Qxf7 40. Nxc2 Qf1+ 41. Kb2 Qxg1 42. Qe6+ Kf8 43. Qf6+ Ke8 44. Qe6+ Kd8 45. Qd6+ Kc8 46. Qe6+ Kb8 47. Qe8+ Ka7 48. Qxa4+ Kb6 49. Qb4+ Kc7 50. Qe7+ Kb8 51. Qd8+ Ka7 52. Qd7+ Bb7 53. Qa4+ Ba6 54. Qd7+ Ka8 55. Qc6+ Bb7 56. Qe8+ Ka7 57. Qa4+ Kb6 58. Qb4+ Kc7 59. Qe7+ 1-0


[Site "https://www.chess.com"]

[Event "Titled Tuesday Blitz February 21 Early 2023"]
[White "Lagno, Kateryna"]
[Black "Turzo, Attila"]
[WhiteFideId "14109336"]
[BlackFideId "704954"]
[WhiteElo "2558"]
[BlackElo "2279"]
[Result "1-0"]
[Round "04"]
[TimeControl "180+2"]
[Date "2023.02.21"]
[WhiteClock "0:01:02"]
[BlackClock "0:00:06"]

1. e4 c5 2. Nf3 d6 3. Bb5+ Nd7 4. Ba4 Nf6 5. O-O Nxe4 6. Re1 Nf6 7. d4 cxd4 8. Nxd4 a6 9. c4 g6 10. Bf4 e5 11. c5 Bg7 12. cxd6 O-O 13. Bxe5 Nxe5 14. Rxe5 Qxd6 15. Nf3 Qxd1+ 16. Bxd1 Be6 17. Nc3 Rfd8 18. Bb3 Bxb3 19. axb3 Rd7 20. h3 Re8 21. Rae1 Rxe5 22. Rxe5 Kf8 23. b4 Ne8 24. Rc5 Rc7 25. Kf1 Rxc5 26. bxc5 Nc7 27. Nd2 Ne6 28. Nb3 Nd4 29. Na5 Nc6 30. Nxb7 Bxc3 31. bxc3 a5 32. Ke2 Ke7 33. Kd3 Ke6 34. Kc4 f5 35. Kb5 Kd7 36. Nxa5 Ne5 37. Kb6 Nd3 38. c6+ Kc8 39. Nc4 Nxf2 40. Nd6+ Kd8 41. c7+ 1-0


[Site "https://www.chess.com"]

[Event "Titled Tuesday Blitz February 21 Early 2023"]
[White "Cruz Lledo, Pablo"]
[Black "EREBUNI91"]
[WhiteFideId "2297361"]
[WhiteElo "2373"]
[BlackElo "2722"]
[Result "0-1"]
[Round "04"]
[TimeControl "180+2"]
[Date "2023.02.21"]
[WhiteClock "0:00:02"]
[BlackClock "0:00:49"]

1. g3 e5 2. Bg2 d5 3. b3 h5 4. h4 Nf6 5. Bb2 Nc6 6. Nf3 Bc5 7. e3 Bg4 8. d3 Qe7 9. Qd2 e4 10. Ng5 d4 11. Nxe4 Nxe4 12. Bxe4 dxe3 13. fxe3 O-O-O 14. O-O f5 15. Rxf5 Bxf5 16. Bxf5+ Kb8 17. d4 Qf6 18. Be4 Nxd4 19. Kg2 Rhf8 20. Nc3 Nf5 21. Qe2 Nxe3+ 22. Kh1 Nf1 23. Kg2 Qf2+ 24. Qxf2 Rxf2+ 25. Kg1 Nxg3 26. Na4 Be3 27. Bc1 Rd1# 0-1


[Site "https://www.chess.com"]

[Event "Titled Tuesday Blitz February 21 Early 2023"]
[White "Kokoszczynski, Jan"]
[Black "Costachi, Mihnea"]
[WhiteFideId "1174460"]
[BlackFideId "1217518"]
[WhiteElo "2247"]
[BlackElo "2476"]
[Result "0-1"]
[Round "04"]
[TimeControl "180+2"]
[Date "2023.02.21"]
[WhiteClock "0:00:02"]
[BlackClock "0:00:05"]

1. d4 d5 2. c4 c6 3. cxd5 cxd5 4. Bf4 Nc6 5. e3 Nf6 6. Nc3 a6 7. Bd3 Bg4 8. Nge2 e6 9. f3 Bh5 10. Rc1 Bd6 11. Na4 O-O 12. O-O Bg6 13. Bxd6 Qxd6 14. Nf4 e5 15. Nxg6 hxg6 16. Bb1 exd4 17. exd4 Qb4 18. a3 Qxd4+ 19. Qxd4 Nxd4 20. Rc7 b5 21. Nc3 Rfc8 22. Rb7 Ne6 23. Rd1 Rd8 24. Ba2 d4 25. Bxe6 fxe6 26. Ne2 e5 27. Re7 Re8 28. Rxe8+ Rxe8 29. f4 exf4 30. Nxf4 Re4 31. Nd3 Ng4 32. Nc5 Re2 33. h3 Ne3 34. Rxd4 Rxg2+ 35. Kh1 Rxb2 36. Nxa6 Nf5 37. Rg4 Kh7 38. Nc7 Rb1+ 39. Kh2 Rb2+ 40. Kh1 Rb3 41. Kh2 Kh6 42. Ne6 Rxa3 43. Rb4 Ra2+ 44. Kh1 Ra3 45. Kh2 Ra2+ 46. Kh1 Re2 47. Nc7 Re3 48. Kh2 Re2+ 49. Kh1 g5 50. Nxb5 Kh5 51. Nc7 Ne3 52. Ne6 g6 53. Ng7+ Kh6 54. Rb7 Nd5 55. Rd7 Nf6 56. Ra7 Nd5 57. Rb7 Nf4 0-1


[Site "https://www.chess.com"]

[Event "Titled Tuesday Blitz February 21 Early 2023"]
[White "Korchmar, Vasiliy"]
[Black "Balla, Tamas-Kristof"]
[WhiteFideId "24131750"]
[BlackFideId "1208497"]
[WhiteElo "2438"]
[BlackElo "2303"]
[Result "1-0"]
[Round "04"]
[TimeControl "180+2"]
[Date "2023.02.21"]
[WhiteClock "0:01:13"]
[BlackClock "0:00:08"]

1. e4 c5 2. Nf3 Nc6 3. d4 cxd4 4. Nxd4 e5 5. Nb5 d6 6. c4 Be7 7. Bd3 f5 8. exf5 Nf6 9. N1c3 a6 10. Na3 O-O 11. O-O Nd4 12. Nc2 Nxf5 13. Ne3 Nxe3 14. Bxe3 Be6 15. h3 Rc8 16. Rc1 Kh8 17. b3 Qa5 18. Bb1 b5 19. Nd5 Bxd5 20. cxd5 Rxc1 21. Bxc1 Rc8 22. Bg5 b4 23. Bxf6 Bxf6 24. Qh5 g6 25. Bxg6 Qc7 26. Re1 Qg7 27. Be4 Rg8 28. Re3 Qc7 29. Rf3 Bg5 30. Rf7 Qc1+ 31. Kh2 Bf4+ 32. g3 Bxg3+ 33. fxg3 Qd2+ 34. Bg2 Qc2 35. Qf5 Qxf5 36. Rxf5 Rc8 37. Rf6 1-0


[Site "https://www.chess.com"]

[Event "Titled Tuesday Blitz February 21 Early 2023"]
[White "Alinasab, Mobina"]
[Black "Liyanage, Ranindu Dilshan"]
[WhiteFideId "12528897"]
[BlackFideId "9915834"]
[WhiteElo "2347"]
[BlackElo "2342"]
[Result "1-0"]
[Round "04"]
[TimeControl "180+2"]
[Date "2023.02.21"]
[WhiteClock "0:00:05"]
[BlackClock "0:00:21"]

1. Nf3 d5 2. g3 g6 3. d4 Bg7 4. Bg2 Nf6 5. O-O O-O 6. b3 c5 7. Bb2 cxd4 8. Nxd4 Re8 9. c4 e5 10. Nf3 d4 11. e3 Bg4 12. h3 Bxf3 13. Bxf3 e4 14. Bg2 d3 15. Nd2 Nc6 16. Rc1 b6 17. Bxf6 Bxf6 18. Nxe4 Bg7 19. Nc3 Rc8 20. Bxc6 Rxc6 21. Nd5 Qd7 22. Kg2 Qf5 23. Qd2 Bh6 24. Rcd1 Qe4+ 25. Kh2 Qf3 26. Qxd3 Bg7 27. Kg1 h5 28. h4 Be5 29. e4 Qg4 30. Kg2 Rce6 31. Qf3 Bb8 32. Nf6+ Rxf6 33. Qxf6 Qxe4+ 34. Qf3 Qe6 35. Rfe1 Qxe1 36. Rxe1 Rxe1 37. Qa8 Re8 38. b4 Kf8 39. c5 bxc5 40. bxc5 Bxg3 41. Qxa7 Be5 42. c6 Re7 43. Qc5 Ke8 44. a4 Bc7 45. Qa7 Bd8 46. Qa8 Rc7 47. a5 Ke7 48. a6 Ke6 49. a7 Be7 50. Qb7 Bd6 51. Qxc7 1-0


[Site "https://www.chess.com"]

[Event "Titled Tuesday Blitz February 21 Early 2023"]
[White "Hasangatin, Ramil"]
[Black "Ramirez Allo, Eduardo"]
[WhiteFideId "4122160"]
[BlackFideId "2224178"]
[WhiteElo "2457"]
[BlackElo "2274"]
[Result "1-0"]
[Round "04"]
[TimeControl "180+2"]
[Date "2023.02.21"]
[WhiteClock "0:02:36"]
[BlackClock "0:00:36"]

1. e4 c5 2. Nf3 d6 3. d4 cxd4 4. Qxd4 Nc6 5. Bb5 Bd7 6. Bxc6 Bxc6 7. Nc3 Nf6 8. Bg5 e6 9. O-O-O Be7 10. Rhe1 O-O 11. Qd2 Qc7 12. Nd4 a6 13. f3 Rac8 14. Kb1 b5 15. g4 Rfd8 16. Nce2 Be8 17. h4 a5 18. Ng3 b4 19. Rg1 a4 20. Nh5 e5 21. Nf5 b3 22. cxb3 axb3 23. Rc1 bxa2+ 24. Ka1 Qd7 25. Nxe7+ Qxe7 26. Bxf6 Rxc1+ 27. Rxc1 gxf6 28. Qh6 Qf8 29. Nxf6+ Kh8 30. Qxh7# 1-0


[Site "https://www.chess.com"]

[Event "Titled Tuesday Blitz February 21 Early 2023"]
[White "Sokolovsky, Yahli"]
[Black "Aslanov, Umid"]
[WhiteFideId "2820242"]
[BlackFideId "13412620"]
[WhiteElo "2461"]
[BlackElo "2273"]
[Result "1/2-1/2"]
[Round "04"]
[TimeControl "180+2"]
[Date "2023.02.21"]
[WhiteClock "0:00:22"]
[BlackClock "0:00:21"]

1. b3 d5 2. Bb2 Nf6 3. e3 g6 4. Bxf6 exf6 5. d4 Bg7 6. g3 c5 7. Bg2 Be6 8. Ne2 f5 9. O-O O-O 10. c3 cxd4 11. cxd4 Nc6 12. Nd2 a5 13. a3 Na7 14. Nf4 Nb5 15. Nf3 Rc8 16. Qd2 Nc3 17. Ne1 Qb6 18. Ned3 Ne4 19. Bxe4 dxe4 20. Nc5 Rfd8 21. Qc2 Bd5 22. Rac1 Qb5 23. a4 Qb4 24. Nxd5 Rxd5 25. Nd3 Rxc2 26. Nxb4 Rxc1 27. Nxd5 Rc2 28. Rb1 Bf8 29. b4 axb4 30. Nxb4 Bxb4 31. Rxb4 Rc7 32. h4 Kf8 33. Rb6 Ke7 34. a5 Kd7 35. Kf1 Ke7 36. Ke2 f6 37. Kd2 g5 38. hxg5 fxg5 39. Rh6 Kf8 40. Rf6+ Rf7 41. Rb6 Kg7 42. Rb5 h5 43. Ke2 Kf6 44. Rb6+ Kg7 45. Kf1 Rc7 46. Rb5 Kg6 47. Kg2 h4 48. gxh4 gxh4 49. Kh3 Kg5 50. Rb6 Rc2 51. Rxb7 Rxf2 52. Rg7+ Kh5 53. Rh7+ Kg5 54. Rg7+ Kh5 55. a6 Rf3+ 56. Kh2 Rxe3 57. a7 Ra3 58. d5 e3 59. d6 e2 60. Rh7+ Kg5 61. Re7 Rxa7 62. Rxe2 Rd7 63. Rd2 Kf4 64. Kh3 Ke3 65. Rd1 Kf4 66. Rf1+ Kg5 67. Rg1+ Kh5 68. Rd1 Kg5 69. Rg1+ Kf6 70. Rd1 Ke5 71. Kxh4 Rxd6 72. Re1+ Kf4 73. Rf1+ Ke4 74. Re1+ Kd4 75. Kg5 Rd5 76. Kf4 Kc4 77. Re6 Kc5 78. Re8 Kd4 79. Ra8 Rc5 80. Rd8+ Kc4 81. Rd1 Rd5 82. Rc1+ Kd4 83. Rd1+ Kc5 84. Re1 Kd6 85. Re8 Rd4+ 86. Kxf5 Rb4 87. Rd8+ Ke7 88. Rd1 Rb5+ 89. Ke4 Ke6 90. Ra1 Rb4+ 91. Kd3 Kd5 92. Ra5+ Kc6 93. Rh5 Rb3+ 94. Kc4 Rb1 95. Rh6+ Kd7 96. Kd5 Rd1+ 97. Kc5 Rc1+ 98. Kd4 Rd1+ 99. Kc3 Rc1+ 100. Kd2 Rc6 101. Rh7+ Kd6 102. Kd3 Kd5 103. Rh5+ Kd6 104. Kd4 Rc1 105. Rh6+ Ke7 106. Rh2 Rd1+ 107. Ke5 Re1+ 108. Kf5 Rf1+ 109. Ke4 Re1+ 110. Kf3 Rf1+ 111. Ke2 Rf7 112. Rh6 Rf6 113. Rh7+ Ke6 114. Ra7 Kf5 115. Kf3 Kg6+ 116. Kg4 Rb6 117. Ra4 Rb5 118. Ra6+ Kf7 119. Kf4 Rb4+ 120. Ke5 Rb1 121. Ra7+ Kg6 122. Ra5 Re1+ 123. Kf4 Rf1+ 124. Ke4 Rd1 125. Ra2 Re1+ 126. Kf3 Rf1+ 127. Rf2 Rxf2+ 128. Kxf2 1/2-1/2


[Site "https://www.chess.com"]

[Event "Titled Tuesday Blitz February 21 Early 2023"]
[White "Csonka, Balazs"]
[Black "Shohat, Yotam"]
[WhiteFideId "742910"]
[BlackFideId "2813955"]
[WhiteElo "2496"]
[BlackElo "2346"]
[Result "1-0"]
[Round "04"]
[TimeControl "180+2"]
[Date "2023.02.21"]
[WhiteClock "0:00:05"]
[BlackClock "0:00:01"]

1. d4 Nf6 2. c4 e6 3. Nc3 Bb4 4. f3 Nc6 5. e4 e5 6. Ne2 exd4 7. Nxd4 O-O 8. Be3 Re8 9. Qd2 d5 10. cxd5 Nxd4 11. Qxd4 Ba5 12. O-O-O c6 13. dxc6 Qe7 14. Bb5 Be6 15. Qc5 Bb6 16. Qxe7 Bxe3+ 17. Kb1 Rxe7 18. cxb7 Rb8 19. Ba6 Nd7 20. Nd5 Bxd5 21. Rxd5 Nc5 22. Rc1 Nxa6 23. Rc8+ Re8 24. Rxe8+ Rxe8 25. Ra5 Nb8 26. Ra3 Bb6 27. Rc3 f6 28. a4 Kf7 29. b4 Ke7 30. a5 Bd4 31. Rc4 Be5 32. b5 Bxh2 33. a6 Be5 34. b6 axb6 35. a7 Nd7 36. a8=Q 1-0


[Site "https://www.chess.com"]